AoeStats
← El_Manu>CL<

Arabia

509215093Analyzed
1v1 RM · 7d ago on Sep 25, 2026· 63m 27s· 2 players
Game mode
Random Map
Map size
Tiny (2 player)
Population
200
Speed
Normal
Resources
Standard
Victory
Conquest
Starting age
Dark Age
Ending age
Imperial Age
RankedLock teamsTeams togetherTeam positionsShared explorationLock speedFull tech treeHidden civsTurbo modeCheats
Victory
Defeat
🇨🇱 Magyars · Chile
1030
+18
🇧🇷 Mongols · Brazil
1065
-18
El_Manu>CL<
4:52 Loom
10:36 Feudal Age
11:17 Double-Bit Axe
11:56 Horse Collar
22:12 Castle Age
22:45 Scale Barding Armor
23:13 Bloodlines
23:15 Town Watch
23:41 Bow Saw
23:34 Heavy Plow
23:53 Husbandry
24:20 Chain Barding Armor
25:12 Wheelbarrow
26:48 Gold Mining
27:26 Hand Cart
33:52 Stone Mining
34:37 Gold Shaft Mining
41:39 Imperial Age
40:50 Town Patrol
42:58 Plate Barding Armor
41:49 Cavalier
43:52 Conscription
45:01 Corvinian Army
46:00 Paladin
51:53 Elite Magyar Huszar
55:00 Chemistry
jaxteller
6:26 Loom
8:51 Feudal Age
9:37 Double-Bit Axe
16:05 Forging
18:47 Wheelbarrow
21:43 Castle Age
20:15 Bloodlines
20:30 Horse Collar
21:11 Scale Barding Armor
21:04 Gold Mining
22:26 Husbandry
23:59 Bow Saw
25:43 Iron Casting
28:24 Chain Barding Armor
29:30 Gold Shaft Mining
39:53 Imperial Age
38:15 Fletching
40:11 Heavy Camel Rider
43:32 Blast Furnace
48:38 Bodkin Arrow
49:40 Bracer
58:38 Light Cavalry
58:49 Pikeman
59:30 Squires
Connection lost

Rejoining the realm…

Still unreachable

The connection could not be restored.

Session expired

The server has moved on; the page needs a fresh start.